 Dungeon Crawl Stone Soup version 0.31-a0-221-gbddc013574 (webtiles) character file.

Game seed: 13965805180971390058

2993 qw the Cleaver (level 9, -16/57 HPs)
             Began as a Gargoyle Fighter on July 4, 2023.
             Demolished by a cyclops (22 damage)
             ... on level 7 of the Dungeon.
             The game lasted 00:02:45 (4862 turns).

qw the Cleaver (Gargoyle Fighter)                   Turns: 4862, Time: 00:02:46

Health: -16/57     AC: 30    Str: 23    XL:     9   Next: 83%
Magic:  9/9        EV:  9    Int: 10    God:
Gold:   118        SH:  4    Dex:  9    Spells: 8/8 levels left

rFire   + . .        Y - +1 broad axe (protect)
rCold   . . .        c - +0 buckler
rNeg    + . .        e - +0 chain mail
rPois   inf          b - +0 hat of the Weaver {rF+}
rElec   +            m - +2 cloak {Will+}
rCorr   .            o - +1 pair of gloves
SInv    .            q - +0 pair of boots
Will    ++...        (no amulet) Stlth
                     g - ring of willpower
HPRegen 0.29/turn    (no ring)
MPRegen 0.11/turn

%: no passive effects
@: under a protective aura
A: sickness immunity, AC +6, negative energy resistance 1, electricity
resistance, torment resistance 1, petrification resistance
a: no special abilities


You were on level 7 of the Dungeon.
You visited 1 branch of the dungeon, and saw 7 of its levels.

You collected 343 gold pieces.
You spent 225 gold pieces at shops.


Innate Abilities, Weirdness & Mutations

You are immune to sickness and miasma.
Your stone body is resilient. (AC +6)
You are immune to poison.
You resist negative energy. (rN+)
You are resistant to electric shocks. (rElec)
You are resistant to unholy torment.
You are immune to petrification.


   Skills:
 - Level 7.0 Fighting
 + Level 9.6 Axes
 - Level 5.9 Armour
 - Level 2.6 Dodging
 - Level 4.2 Shields


You had 8 spell levels left.
You didn't know any spells.
Your spell library was empty.

Inventory:

Hand Weapons
 s - a +0 morningstar
 Y - a +1 broad axe of protection (weapon)
Armour
 b - the +0 hat of the Weaver (worn) {rF+}
   (You acquired it on level 3 of the Dungeon)

   rF:        It protects you from fire.
 c - a +0 buckler (worn)
 e - a +0 chain mail (worn)
 l - a +0 helmet
 m - a +2 cloak of willpower (worn)
 n - a scarf of resistance
 o - a +1 pair of gloves (worn)
 q - a +0 pair of boots (worn)
Jewellery
 g - a ring of willpower (left hand)
Wands
 i - a wand of digging (5)
Scrolls
 a - a scroll of identify
Potions
 d - a potion of might
 f - 2 potions of mutation
 h - a potion of attraction
 j - a potion of curing
 p - a potion of lignification {unknown}

Dungeon Overview and Level Annotations

Branches:
Dungeon (7/15)
 Temple: D:4-7

Altars:
Cheibriados
Fedhas
Kikubaaqudgha
Uskayaw

Shops:
D:6 [

Annotations:
D:6 1 runed translucent door, Crazy Yiuf


Message History

You completely miss the kobold brigand.
The kobold brigand is heavily wounded.
You barely miss the kobold brigand. You miss something. You hit the cyclops.
You barely miss the orc.
The kobold brigand hits you but does no damage. x2
Something hits you but does no damage. The kobold brigand barely misses you.
The orc hits you but does no damage. Something hits you but does no damage.
The kobold brigand hits you but does no damage.
You slash the kobold brigand!
The kobold brigand is almost dead.
You closely miss the kobold brigand. You slash something!
Reactivating autopickup.
You feel a bit more experienced.
You hit the cyclops. You barely miss the orc. You slash the orc!
You kill the orc!
You block the cyclops's attack. The orc hits you but does no damage.
The kobold brigand hits you but does no damage. x2
You slice the kobold brigand!!
You kill the kobold brigand!
You hit the cyclops but do no damage. You hit the orc.
You barely miss the kobold brigand. The cyclops hits you!!
The orc hits you but does no damage.
The kobold brigand hits you but does no damage.
You slash the cyclops!
The cyclops is severely wounded.
You hit the orc but do no damage.
You hit the kobold brigand but do no damage.
You hit the orc.
You kill the orc!
You hit the orc. The orc barely misses you.
The kobold brigand hits you but does no damage.
The orc closely misses you. The cyclops hits you.
You slash the cyclops!
The cyclops is almost dead.
You hit the orc but do no damage. x2; You hit the kobold brigand.
You are no longer corroded.
The kobold brigand barely misses you. The orc closely misses you.
The orc hits you but does no damage. The cyclops hits you!!
You die...

.......#
#......#
#......#
#......#
#......# #
#......#
###.###))...?#
......o@)....##
......KCo......
.............##
.............#
.............#
.............#
.............#
..............#
..[.......###..


You could see a cyclops, a kobold brigand and 2 orcs.

Vanquished Creatures
  Maggie (D:6)
  A hornet (D:7)
  Grinder (D:4)
  A steam dragon (D:4)
  2 black bears
  3 ice beasts
  2 ogres
  3 centaurs
  A phantom (D:6)
  2 kobold brigands (D:7)
  Blork the orc (D:4)
  A bullfrog (D:6)
  4 scorpions
  2 hounds
  An orc priest (D:5)
  A jelly (D:7)
  5 iguanas
  A sleepcap (D:6)
  Jessica (D:3)
  8 orc wizards
  Terence (D:3)
  3 gnolls (D:5)
  8 adders
  A shadow imp (D:5)
  2 white imps (D:6)
  An ufetubus (D:6)
  3 worms
  A dart slug (D:5)
  32 orcs
  A ball python (D:3)
  3 endoplasms
  A giant cockroach (D:4)
  3 hobgoblins
  6 jackals (D:1)
  8 kobolds
  3 quokkas
  4 bats
  A frilled lizard (D:3)
  5 goblins
  3 rats
132 creatures vanquished.

Notes
Turn   | Place    | Note
-------+----------+-------------------------------------------
     0 | D:1      | qw the Gargoyle Fighter began the quest for the Orb.
     0 | D:1      | Reached XP level 1. HP: 14/14 MP: 1/1
     0 | D:1      | 0 ||| qw: Version: 0.3-a-40-ge99b1a8
     0 | D:1      | 0 ||| qw: Game counter: 676
     0 | D:1      | 0 ||| qw: Melee chars always use a shield: true
     0 | D:1      | 0 ||| qw: God list: Okawaru
     0 | D:1      | 0 ||| qw: Allow faded altars: false
     0 | D:1      | 0 ||| qw: Do Orc after clearing Dungeon:15 true
     0 | D:1      | 0 ||| qw: Do second Lair branch before Depths: true
     0 | D:1      | 0 ||| qw: Lair rune preference: random
     0 | D:1      | 0 ||| qw: Goals: Normal, Zot:1-4, Slime:5, God:TSO, Crypt,
                  | Tomb, Abyss, Pan, Hells, Win
     0 | D:1      | 0 ||| PLANNING D:1-11
    39 | D:1      | Reached skill level 2 in Axes
   135 | D:1      | Reached XP level 2. HP: 19/19 MP: 2/2
   166 | D:1      | 166 ||| Stepping ~*~*~tactically~*~*~ (stealth).
   373 | D:1      | Reached skill level 3 in Axes
   460 | D:1      | Reached XP level 3. HP: 23/23 MP: 3/3
   578 | D:1      | 578 ||| UPGRADING to ring of willpower.
   579 | D:1      | 579 ||| READING scroll labelled KIREACVIME.
   594 | D:2      | 594 ||| STAIRDANCE
   631 | D:2      | Found a faded altar of an unknown god.
   655 | D:2      | 655 ||| Stepping ~*~*~tactically~*~*~ (stealth).
  1016 | D:2      | Reached XP level 4. HP: 28/28 MP: 4/4
  1269 | D:2      | 1269 ||| READING scroll labelled ABAQAGG MIJAJE.
  1274 | D:2      | 1274 ||| READING scroll labelled KUWUTY ASECLIE.
  1275 | D:2      | 1275 ||| READING scroll labelled SUCALA ENISA.
  1276 | D:2      | 1276 ||| READING 3 scrolls labelled QYWKAAKASM.
  1277 | D:2      | 1277 ||| READING scroll labelled SUR WAOTOHEUNIMN.
  1278 | D:2      | 1278 ||| DROPPING 2 scrolls of amnesia.
  1554 | D:3      | Reached skill level 4 in Axes
  1792 | D:3      | 1792 ||| Stepping ~*~*~tactically~*~*~ (stealth).
  1794 | D:3      | 1794 ||| Stepping ~*~*~tactically~*~*~ (hiding).
  1918 | D:3      | 1918 ||| DROPPING +0 club.
  1988 | D:3      | Noticed Terence
  2000 | D:3      | Killed Terence
  2001 | D:3      | Reached XP level 5. HP: 24/32 MP: 5/5
  2052 | D:3      | Found an ancient bone altar of Kikubaaqudgha.
  2153 | D:3      | Noticed Jessica
  2155 | D:3      | Killed Jessica
  2156 | D:3      | Reached skill level 5 in Axes
  2196 | D:3      | 2196 ||| UPGRADING to +0 chain mail.
  2206 | D:3      | 2206 ||| DROPPING +0 scale mail.
  2207 | D:3      | 2207 ||| UPGRADING to +0 helmet.
  2212 | D:3      | 2212 ||| UPGRADING to scarf of resistance.
  2217 | D:3      | 2217 ||| READING 3 scrolls labelled XONWUZA WIQUM.
  2218 | D:3      | 2218 ||| READING scroll labelled QESA WEIDDIUH.
  2218 | D:3      | Identified a scroll of acquirement
  2218 | D:3      | 2218 ||| ACQUIRING +0 hat of the Weaver {rF+}
  2218 | D:3      | Acquired the +0 hat of the Weaver {rF+}
  2220 | D:3      | 2220 ||| READING 2 scrolls of identify.
  2220 | D:3      | 2220 ||| IDENTIFYING blue potion
  2268 | D:4      | 2268 ||| SWAPPING to +0 broad axe.
  2269 | D:4      | 2269 ||| DROPPING +1 war axe.
  2333 | D:4      | Found a hide-covered altar of Uskayaw.
  2352 | D:4      | 2352 ||| Stepping ~*~*~tactically~*~*~ (hiding).
  2363 | D:4      | Reached XP level 6. HP: 39/39 MP: 6/6
  2531 | D:4      | Noticed a black bear
  2539 | D:4      | Killed a black bear
  2605 | D:4      | Found a snail-covered altar of Cheibriados.
  2606 | D:4      | 2606 ||| UPGRADING to +0 pair of gloves.
  2611 | D:4      | 2611 ||| UPGRADING to +0 pair of boots.
  2616 | D:4      | 2616 ||| READING scroll labelled CUISEUHAUPT.
  2617 | D:4      | 2617 ||| DRINKING 2 fizzy black potions.
  2618 | D:4      | 2618 ||| READING 2 scrolls of identify.
  2618 | D:4      | 2618 ||| IDENTIFYING gluggy clear potion
  2671 | D:4      | Noticed Blork the orc
  2673 | D:4      | Noticed Grinder
  2679 | D:4      | Killed Blork the orc
  2700 | D:4      | Reached skill level 6 in Axes
  2700 | D:4      | Reached XP level 7. HP: 23/44 MP: 7/7
  2703 | D:4      | Killed Grinder
  2839 | D:4      | 2839 ||| READING 2 scrolls of identify.
  2839 | D:4      | 2839 ||| IDENTIFYING sedimented pink potion
  2860 | D:5      | Entered Level 5 of the Dungeon
  3049 | D:5      | Reached skill level 7 in Axes
  3130 | D:5      | 3130 ||| Stepping ~*~*~tactically~*~*~ (stealth).
  3131 | D:5      | 3131 ||| Stepping ~*~*~tactically~*~*~ (stealth).
  3138 | D:5      | Reached XP level 8. HP: 43/48 MP: 8/8
  3260 | D:5      | 3260 ||| Stepping ~*~*~tactically~*~*~ (stealth).
  3322 | D:5      | 3322 ||| DROPPING +0 flail.
  3577 | D:5      | Found a blossoming altar of Fedhas.
  3649 | D:5      | 3649 ||| READING scroll labelled YMEAZA TYDEOM.
  3679 | D:5      | 3679 ||| STAIRDANCE
  3686 | D:4      | HP: 5/49 [ogre/+0 giant spiked club (21)]
  3687 | D:4      | 3687 ||| DRINKING potion of heal wounds.
  3695 | D:4      | Reached skill level 8 in Axes
  3780 | D:5      | 3780 ||| READING scroll of enchant armour.
  3780 | D:5      | 3780 ||| ENCHANTING +0 pair of gloves.
  3836 | D:6      | Reached skill level 6 in Fighting
  3900 | D:6      | 3900 ||| Stepping ~*~*~tactically~*~*~ (hiding).
  3972 | D:6      | Reached XP level 9. HP: 55/55 MP: 9/9
  3974 | D:6      | 3974 ||| Stepping ~*~*~tactically~*~*~ (hiding).
  4007 | D:6      | 4007 ||| Stepping ~*~*~tactically~*~*~ (stealth).
  4073 | D:6      | Reached skill level 9 in Axes
  4238 | D:6      | Found a runed translucent door.
  4239 | D:6      | Noticed Crazy Yiuf
  4263 | D:6      | Found Plog's Antique Armour Boutique.
  4274 | D:6      | 4274 ||| SHOPLISTING -2 hat of the Alchemist {rElec rPois
                  | rF+ rC+ rN+ Will+ rMut rCorr} (1416 gold, have 319).
  4274 | D:6      | 4274 ||| BUYING embroidered cloak (225 gold).
  4274 | D:6      | Bought an embroidered cloak for 225 gold pieces
  4274 | D:6      | 4274 ||| SHOPLISTING ichor-stained plate armour (840 gold,
                  | have 94).
  4274 | D:6      | 4274 ||| SHOPLISTING runed chain mail (225 gold, have 94).
  4422 | D:6      | 4422 ||| READING scroll of enchant weapon.
  4422 | D:6      | 4422 ||| ENCHANTING +0 broad axe of protection.
  4593 | D:6      | Noticed Maggie
  4594 | D:6      | 4594 ||| Stepping ~*~*~tactically~*~*~ (hiding).
  4607 | D:6      | Killed Maggie
  4772 | D:6      | 4772 ||| UPGRADING to +2 cloak of willpower.
  4782 | D:6      | 4782 ||| UPGRADING to +0 hat of the Weaver {rF+}.
  4792 | D:6      | 4792 ||| DROPPING +1 cloak of poison resistance.
  4793 | D:6      | 4793 ||| READING scroll labelled REIRHIO FOLIKH.
  4832 | D:7      | Noticed a hornet
  4845 | D:7      | Killed a hornet
  4846 | D:7      | Noticed a cyclops
  4860 | D:7      | HP: 10/57 [cyclops (21)]
  4862 | D:7      | Demolished by a cyclops

Levels and vault maps discovered:
D:1:      dpeg_arrival_shrine, layout_basic
D:2:      layout_loops_cross, hellmonk_ecumenical_altar_arch_garden
D:3:      layout_loops_ring, mainiacjoe_overflow_alcove_2, uniq_jessica,
          uniq_terence
D:4:      layout_rooms, mainiacjoe_overflow_chevrons, cheibrodos_worm_habitat,
          guppyfry_early_lair_pool, uniq_grinder, uniq_blork_the_orc
D:5:      nicolae_cairo_tiling_very_big, layout_cave_pools, kennysheep_mini,
          serial_bayou_pond_b, nicolae_fountain_basement
D:6:      layout_loops_ring, serial_shops, nicolae_shop_crystal,
          uniq_crazy_yiuf_cottage, uniq_maggie
D:7:      layout_basic, gammafunk_temple_overflow_statue,
          minmay_temple_entry_trees, minmay_manual_maat

Skill      XL: |  1  2  3  4  5  6  7  8  9 |
---------------+----------------------------+-----
Axes           | 2 3 4 5 6 7 8 9 |  9.6
Fighting       | 4 6 7 |  7.0
Dodging        | 2 |  2.6
Armour         | 4 5 |  5.9
Shields        | 4 |  4.2

Action                     |  1- 3 |  4- 6 |  7- 9 || total
---------------------------+-------+-------+-------++-------
  Melee: War axe           |    66 |    84 |       ||   150
         Broad axe         |       |    51 |   273 ||   324
    Use: Scroll            |     1 |    10 |     5 ||    16
         Potion            |       |     1 |     1 ||     2
 Armour: Scale mail        |    43 |    37 |       ||    80
         Chain mail        |       |    35 |   232 ||   267
  Dodge: Dodged            |    33 |    53 |   103 ||   189
  Block: Buckler           |     9 |    14 |    62 ||    85

Table legend:
 A = Non-vault XP
 B = Vault XP
 C = Vault XP percentage of total XP
 D = Non-vault monster count
 E = Vault monster count
 F = Vault count percentage of total count
                 A         B        C        D         E       F
            +---------+---------+-------+---------+---------+-------
      Total |    2648 |    1628 |  38.1 |     115 |      17 |  12.9
            +---------+---------+-------+---------+---------+-------
        D:1 |      52 |       0 |   0.0 |      22 |       0 |   0.0
        D:2 |      40 |       0 |   0.0 |       7 |       0 |   0.0
        D:3 |      72 |      69 |  48.9 |      13 |       2 |  13.3
        D:4 |     319 |     725 |  69.4 |      10 |       6 |  37.5
        D:5 |     590 |      46 |   7.2 |      24 |       3 |  11.1
        D:6 |    1148 |     389 |  25.3 |      27 |       1 |   3.6
        D:7 |     427 |     399 |  48.3 |      12 |       5 |  29.4
            +---------+---------+-------+---------+---------+-------
